 Dungeon Crawl Stone Soup version 0.29.0-4-gdea44cf6ec (webtiles) character file.

Game seed: 12323677104043065728

39776 qw the Brawler (level 13, -24/124 HPs)
             Began as a Troll Cinder Acolyte on Sept 2, 2022.
             Was an Elder of Okawaru.
             Annihilated by Rupert
             ... wielding a +3 great mace of protection
              (36 damage)
             ... on level 5 of the Lair of Beasts.
             The game lasted 00:08:07 (13224 turns).

qw the Brawler (Troll Cinder Acolyte)              Turns: 13224, Time: 00:08:08

Health: -24/124    AC: 10    Str: 33    XL:     13   Next: 71%
Magic:  15/15      EV: 10    Int: 19    God:    Okawaru [****..]
Gold:   852        SH: 16    Dex:  5    Spells: 14/14 levels left

rFire   . . .      SeeInvis .     - Unarmed
rCold   + . .      Faith    .   n - +0 kite shield
rNeg    . . .      Spirit   .   b - +1 steam dragon scales
rPois   .          Reflect  +   (helmet restricted)
rElec   .          Harm     .   h - +0 cloak of Xom's Envy {Regen+ Str-2 Int+9}
rCorr   .          Rampage  .   (gloves unavailable)
Will    .....                   (boots unavailable)
Stlth   ++........              i - amulet of reflection
HPRegen 1.90/turn               o - +6 ring of strength
MPRegen 0.14/turn               l - ring of protection from cold

@: about to teleport, heroic, fire susceptible
A: large, unfitting armour, claws 3, regeneration 1, shaggy fur 1, tough skin 1
a: Renounce Religion, Heroism, Finesse


You were on level 5 of the Lair of Beasts.
You worshipped Okawaru.
Okawaru was greatly pleased with you.
You visited 3 branches of the dungeon, and saw 15 of its levels.

You collected 852 gold pieces.


Innate Abilities, Weirdness & Mutations

You are too large for most types of armour.
You have claws for hands.
Your natural rate of healing is unusually fast.
You are covered in fur. (AC +1)
You have tough skin. (AC +1)


   Skills:
 - Level 7.0(12.0) Fighting
 - Level 5.2(10.2) Throwing
 - Level 2.1(7.1) Armour
 - Level 2.0(7.0) Dodging
 - Level 11.5(16.5) Shields
 + Level 17.1(22.1) Unarmed Combat
 - Level 1.0 Spellcasting
 - Level 2.1 Fire Magic
 + Level 4.3 Invocations


You had 14 spell levels left.
You didn't know any spells.
Your spell library contained the following spells:

 Spells                   Type           Power      Damage    Failure   Level
 Scorch                   Fire           18%        2d6       17%         2

Inventory:

Missiles
 d - a boomerang (quivered)
Armour
 b - +1 steam dragon scales (worn)
 h - the +0 cloak of Xom's Envy (worn) {Regen+ Str-2 Int+9}
   (You acquired it on level 4 of the Dungeon)

   Str:       It affects your strength (-2).
   Int:       It affects your intelligence (+9).
   Regen:     It increases your rate of health regeneration.
 n - a +0 kite shield (worn)
Jewellery
 i - an amulet of reflection (around neck)
 l - a ring of protection from cold (right claw)
 o - a +6 ring of strength (left claw)
Scrolls
 a - a scroll of teleportation
 c - a scroll of enchant weapon
 g - 5 scrolls of identify
Potions
 e - a potion of resistance
 j - a potion of might
 k - 2 potions of mutation
 m - 3 potions of curing
 p - 2 potions of magic

Dungeon Overview and Level Annotations

Branches:
Dungeon (9/15)             Temple (1/1) D:5            Lair (5/5) D:9
  Swamp (0/4) Lair:2        Snake (0/4) Lair:3        Slime (0/5) Lair:4
    Orc (0/2) D:9

Altars:
Cheibriados
Dithmenos
Elyvilon
Fedhas
Gozag
Hepliaklqana
Kikubaaqudgha
Nemelex Xobeh
Okawaru
Qazlal
Ru
Sif Muna
Trog
Xom
Yredelemnul
Zin
The Shining One
Jiyva

Shops:
D:8 [

Annotations:
Lair:3 1 runed translucent door, qw's ghost, journeyman TrCA
Lair:5 Rupert


Message History

You kill the water moccasin!
Okawaru accepts your kill.
You barely miss the redback. The redback closely misses you.
Rupert rages.
You eviscerate the redback!!!
You kill the redback!
Okawaru accepts your kill.
You eviscerate Rupert!!!
Rupert is moderately wounded.
Rupert hits you with a +3 great mace of protection!!!
You completely miss Rupert.
Rupert is moderately wounded.
You block Rupert's attack.
You eviscerate Rupert!!!
Rupert is heavily wounded.
Rupert closely misses you.
You scratch Rupert.
Rupert is heavily wounded.
You block Rupert's attack.
You scratch Rupert.
Rupert is heavily wounded.
Rupert closely misses you.
You barely miss Rupert.
Rupert is heavily wounded.
You completely miss Rupert.
Rupert is heavily wounded.
You block Rupert's attack.
You eviscerate Rupert!!!
Rupert is almost dead.
Rupert hits you with a +3 great mace of protection!
You completely miss Rupert.
Rupert is severely wounded.
Rupert hits you with a +3 great mace of protection!!!
13224 ||| READING 2 scrolls of teleportation.
As you read the scroll of teleportation, it crumbles to dust.
You feel strangely unstable.
Rupert hits you with a +3 great mace of protection!
Rupert hits you with a +3 great mace of protection!!!
You die...

###P%.#..........#.......~7~#
#....##.#....%..........P~~%7#
...P#####.P#...#.##.%...~~~~~#
...PP# ###########.....~~P~7#
....P# #.....P~77# ..####
##.##%~7~# ### ###.#.~~# #
#######...~~#~#
#.@##.#.....###
##.#@.........#
#............##
................#
..................#
................####
.................#
.....%..........##
..#.............#


You could see Rupert (berserk).

Vanquished Creatures
  A boulder beetle (Lair:1)
  5 hydras
  A catoblepas (Lair:1)
  4 death yaks (Lair:4)
  Amaemon (Lair:3)
  A wolf spider (Lair:5)
  3 black mambas (Lair:5)
  A torpor snail (Lair:3)
  8 cane toads
  11 elephants
  An orange demon (Lair:3)
  2 rime drakes
  7 komodo dragons
  2 hornets (Lair:5)
  3 polar bears
  13 blink frogs
  Grinder (D:6)
  10 dream sheep
  A shadow (D:9)
  A wraith (D:9)
  6 spriggans (D:9)
  15 wyverns
  3 basilisks
  39 yaks
  2 fire elementals (Lair:5)
  5 steam dragons
  2 redbacks (Lair:5)
  A vampire mosquito (D:9)
  Menkaure (D:4)
  3 nagas (Lair:3)
  15 water moccasins
  2 black bears
  An orc warrior (D:9)
  An ice beast (D:5)
  3 sky beasts
  An ogre (D:5)
  4 centaurs
  6 wolves (Lair:3)
  3 phantoms
  4 kobold brigands
  10 bullfrogs
  A gnoll sergeant (D:8)
  4 scorpions
  A necrophage (D:4)
  10 wights
  A killer bee (D:9)
  6 howler monkeys
  3 hounds
  4 orc priests
  2 jellies
  Jessica (D:2)
  Natasha (thrice) (D:2)
  3 iguanas
  3 orc wizards
  10 hell rats
  9 gnolls
  8 adders
  5 white imps
  An ufetubus (D:5)
  2 dart slugs
  2 worms
  19 orcs
  3 bats
  7 endoplasms
  A giant cockroach (D:2)
  8 hobgoblins
  6 jackals
  4 quokkas
  6 ball pythons
  3 frilled lizards
  5 goblins
  21 kobolds
  9 rats
375 creatures vanquished.

Vanquished Creatures (others)
  28 fungi
  52 plants
80 creatures vanquished.

Grand Total: 455 creatures vanquished

Notes
Turn   | Place    | Note
-------+----------+-------------------------------------------
     0 | D:1      | qw the Troll Cinder Acolyte began the quest for the Orb.
     0 | D:1      | Reached XP level 1. HP: 22/22 MP: 1/1
     0 | D:1      | 0 ||| qw: Version: 0.1-a-97-g2dd2ca4
     0 | D:1      | 0 ||| qw: Game counter: 4929
     0 | D:1      | 0 ||| qw: Always use a shield: true
     0 | D:1      | 0 ||| qw: God list: Okawaru
     0 | D:1      | 0 ||| qw: Allow faded altars: false
     0 | D:1      | 0 ||| qw: Do Orc after D:15 true
     0 | D:1      | 0 ||| qw: Do second Lair branch before Depths: true
     0 | D:1      | 0 ||| qw: Lair rune preference: random
     0 | D:1      | 0 ||| qw: Plans: Normal
     0 | D:1      | 0 ||| PLANNING D:1-11
   127 | D:1      | 127 ||| Stepping ~*~*~tactically~*~*~ (stealth).
   130 | D:1      | 130 ||| Stepping ~*~*~tactically~*~*~ (stealth).
   212 | D:1      | Reached XP level 2. HP: 24/29 MP: 2/2
   224 | D:1      | 224 ||| Stepping ~*~*~tactically~*~*~ (stealth).
   511 | D:1      | You fall into a shaft and drop 1 floor!
   520 | D:2      | Noticed Natasha
   521 | D:2      | 521 ||| Stepping ~*~*~tactically~*~*~ (stealth).
   523 | D:2      | 523 ||| Stepping ~*~*~tactically~*~*~ (hiding).
   525 | D:2      | Reached skill level 4 in Unarmed Combat
   529 | D:2      | Killed Natasha
   530 | D:2      | Reached XP level 3. HP: 31/36 MP: 3/3
   626 | D:2      | 626 ||| READING scroll labelled PEMMICZEEMM.
   627 | D:2      | 627 ||| READING 4 scrolls labelled PYONACWOOFO.
   631 | D:2      | 631 ||| READING scroll labelled ESMOPTI UWOE.
   635 | D:2      | Found a faded altar of an unknown god.
   677 | D:2      | Noticed Natasha
   688 | D:2      | 688 ||| INVOKING Fiery Armour.
   690 | D:2      | Killed Natasha
   691 | D:2      | Reached skill level 5 in Unarmed Combat
   691 | D:2      | Reached XP level 4. HP: 25/44 MP: 4/4
   694 | D:2      | Noticed Natasha
   699 | D:2      | Killed Natasha
   828 | D:2      | Noticed Jessica
   832 | D:2      | 832 ||| Stepping ~*~*~tactically~*~*~ (hiding).
   833 | D:2      | 833 ||| Stepping ~*~*~tactically~*~*~ (hiding).
   834 | D:2      | 834 ||| Stepping ~*~*~tactically~*~*~ (hiding).
   837 | D:2      | 837 ||| Stepping ~*~*~tactically~*~*~ (hiding).
   838 | D:2      | 838 ||| Stepping ~*~*~tactically~*~*~ (hiding).
   840 | D:2      | 840 ||| Stepping ~*~*~tactically~*~*~ (hiding).
   845 | D:2      | Killed Jessica
   846 | D:2      | 846 ||| FLEEEEING.
   847 | D:2      | 847 ||| FLEEEEING.
   851 | D:2      | Reached XP level 5. HP: 49/50 MP: 5/5
  1420 | D:2      | 1420 ||| READING scroll labelled MEKLONAGEA.
  1421 | D:2      | 1421 ||| READING 2 scrolls labelled TOEDUPHU ZITODE.
  1422 | D:2      | 1422 ||| READING scroll labelled TAFEME CUEBYWN.
  1423 | D:2      | 1423 ||| READING scroll labelled ODWIOT WULATTO.
  1668 | D:3      | Reached skill level 6 in Unarmed Combat
  1798 | D:3      | 1798 ||| INVOKING Fiery Armour.
  1959 | D:3      | 1959 ||| Stepping ~*~*~tactically~*~*~ (stealth).
  1963 | D:3      | 1963 ||| Stepping ~*~*~tactically~*~*~ (hiding).
  2378 | D:3      | 2378 ||| DRINKING 3 pink potions.
  2390 | D:4      | Noticed Menkaure
  2391 | D:4      | 2391 ||| Stepping ~*~*~tactically~*~*~ (hiding).
  2393 | D:4      | 2393 ||| Stepping ~*~*~tactically~*~*~ (hiding).
  2398 | D:4      | Killed Menkaure
  2399 | D:4      | Reached skill level 7 in Unarmed Combat
  2399 | D:4      | Reached XP level 6. HP: 40/59 MP: 6/6
  2400 | D:4      | 2400 ||| FLEEEEING.
  2401 | D:4      | 2401 ||| FLEEEEING.
  2402 | D:4      | 2402 ||| STAIRDANCE
  2424 | D:4      | 2424 ||| STAIRDANCE
  2434 | D:4      | 2434 ||| Stepping ~*~*~tactically~*~*~ (stealth).
  2462 | D:4      | 2462 ||| Stepping ~*~*~tactically~*~*~ (stealth).
  2483 | D:4      | 2483 ||| Stepping ~*~*~tactically~*~*~ (stealth).
  2496 | D:4      | 2496 ||| Stepping ~*~*~tactically~*~*~ (stealth).
  2575 | D:4      | 2575 ||| Stepping ~*~*~tactically~*~*~ (hiding).
  2577 | D:4      | 2577 ||| Stepping ~*~*~tactically~*~*~ (hiding).
  2584 | D:4      | Reached skill level 8 in Unarmed Combat
  2584 | D:4      | Reached XP level 7. HP: 56/66 MP: 7/7
  2628 | D:4      | 2628 ||| FLEEEEING.
  2629 | D:4      | 2629 ||| FLEEEEING.
  2630 | D:4      | 2630 ||| FLEEEEING.
  2631 | D:4      | 2631 ||| FLEEEEING.
  2632 | D:4      | 2632 ||| FLEEEEING.
  2633 | D:4      | 2633 ||| FLEEEEING.
  2652 | D:4      | 2652 ||| Stepping ~*~*~tactically~*~*~ (stealth).
  2658 | D:4      | Reached skill level 3 in Fighting
  2978 | D:4      | 2978 ||| UPGRADING to amulet of reflection.
  2983 | D:4      | 2983 ||| READING scroll labelled OLACIWN QIURPH.
  2984 | D:4      | 2984 ||| READING scroll labelled GUISAES NIGI.
  2984 | D:4      | Identified a scroll of acquirement
  2984 | D:4      | 2984 ||| ACQUIRING +0 cloak of Xom's Envy {Regen+ Str-2
                  | Int+9}
  2984 | D:4      | Acquired the +0 cloak of Xom's Envy {Regen+ Str-2 Int+9}
  2986 | D:4      | 2986 ||| UPGRADING to +0 cloak of Xom's Envy {Regen+ Str-2
                  | Int+9}.
  2991 | D:4      | 2991 ||| DRINKING 2 fuming golden potions.
  3092 | D:4      | 3092 ||| DROPPING potion of ambrosia.
  3113 | D:5      | Entered Level 5 of the Dungeon
  3252 | D:5      | Found a staircase to the Ecumenical Temple.
  3274 | D:5      | 3274 ||| Stepping ~*~*~tactically~*~*~ (stealth).
  3287 | D:5      | Reached skill level 9 in Unarmed Combat
  3311 | D:5      | Reached skill level 1 in Dodging
  3398 | D:5      | 3398 ||| Stepping ~*~*~tactically~*~*~ (stealth).
  3400 | D:5      | 3400 ||| Stepping ~*~*~tactically~*~*~ (outnumbered).
  3415 | D:5      | Reached XP level 8. HP: 74/75 MP: 8/8
  3452 | D:5      | Found a snail-covered altar of Cheibriados.
  3849 | D:5      | 3849 ||| READING scroll labelled GAIPRU MARPH.
  3850 | D:5      | 3850 ||| READING 3 scrolls labelled PUWNO FESUEGOU.
  3851 | D:5      | 3851 ||| READING 4 scrolls of identify.
  3851 | D:5      | 3851 ||| IDENTIFYING inky potion
  3852 | D:5      | 3852 ||| READING 3 scrolls of identify.
  3852 | D:5      | 3852 ||| IDENTIFYING dark potion
  3853 | D:5      | 3853 ||| READING 2 scrolls of identify.
  3853 | D:5      | 3853 ||| IDENTIFYING golden potion
  3854 | D:5      | 3854 ||| DROPPING potion of brilliance.
  3855 | D:5      | 3855 ||| DROPPING potion of flight.
  3856 | D:5      | 3856 ||| DROPPING potion of attraction.
  3857 | D:5      | 3857 ||| DROPPING 2 scrolls of immolation.
  3894 | D:5      | 3894 ||| READING 4 scrolls of teleportation.
  3895 | D:5      | 3895 ||| STAIRDANCE
  3935 | D:5      | 3935 ||| READING 3 scrolls of teleportation.
  3936 | D:5      | 3936 ||| STAIRDANCE
  4086 | D:6      | 4086 ||| Stepping ~*~*~tactically~*~*~ (hiding).
  4094 | D:6      | Reached skill level 10 in Unarmed Combat
  4109 | D:6      | 4109 ||| INVOKING Fiery Armour.
  4154 | D:6      | 4154 ||| Stepping ~*~*~tactically~*~*~ (hiding).
  4414 | D:6      | 4414 ||| Stepping ~*~*~tactically~*~*~ (stealth).
  4416 | D:6      | 4416 ||| Stepping ~*~*~tactically~*~*~ (stealth).
  4421 | D:6      | 4421 ||| Stepping ~*~*~tactically~*~*~ (outnumbered).
  4423 | D:6      | 4423 ||| Stepping ~*~*~tactically~*~*~ (outnumbered).
  4424 | D:6      | 4424 ||| Stepping ~*~*~tactically~*~*~ (outnumbered).
  4425 | D:6      | 4425 ||| Stepping ~*~*~tactically~*~*~ (outnumbered).
  4490 | D:6      | Reached skill level 11 in Unarmed Combat
  4498 | D:6      | Reached XP level 9. HP: 84/84 MP: 9/9
  4620 | D:6      | Noticed Grinder
  4632 | D:6      | Killed Grinder
  4744 | D:6      | 4744 ||| Stepping ~*~*~tactically~*~*~ (outnumbered).
  4745 | D:6      | 4745 ||| Stepping ~*~*~tactically~*~*~ (outnumbered).
  4746 | D:6      | 4746 ||| Stepping ~*~*~tactically~*~*~ (outnumbered).
  4747 | D:6      | 4747 ||| Stepping ~*~*~tactically~*~*~ (outnumbered).
  4748 | D:6      | 4748 ||| Stepping ~*~*~tactically~*~*~ (outnumbered).
  4752 | D:6      | 4752 ||| FLEEEEING.
  4957 | D:6      | Reached skill level 1 in Throwing
  5192 | D:6      | 5192 ||| UPGRADING to +0 steam dragon scales.
  5202 | D:6      | 5202 ||| DROPPING +0 robe.
  5413 | D:7      | 5413 ||| Stepping ~*~*~tactically~*~*~ (stealth).
  5414 | D:7      | 5414 ||| Stepping ~*~*~tactically~*~*~ (stealth).
  5419 | D:7      | 5419 ||| Stepping ~*~*~tactically~*~*~ (outnumbered).
  5420 | D:7      | 5420 ||| Stepping ~*~*~tactically~*~*~ (stealth).
  5421 | D:7      | 5421 ||| Stepping ~*~*~tactically~*~*~ (outnumbered).
  5425 | D:7      | 5425 ||| Stepping ~*~*~tactically~*~*~ (outnumbered).
  5427 | D:7      | 5427 ||| Stepping ~*~*~tactically~*~*~ (outnumbered).
  5433 | D:7      | Reached skill level 1 in Armour
  5434 | D:7      | 5434 ||| Stepping ~*~*~tactically~*~*~ (outnumbered).
  5435 | D:7      | 5435 ||| Stepping ~*~*~tactically~*~*~ (outnumbered).
  5445 | D:7      | Reached skill level 3 in Throwing
  5449 | D:7      | Reached skill level 12 in Unarmed Combat
  5794 | D:7      | 5794 ||| Stepping ~*~*~tactically~*~*~ (stealth).
  5795 | D:7      | 5795 ||| Stepping ~*~*~tactically~*~*~ (stealth).
  5809 | D:7      | 5809 ||| Stepping ~*~*~tactically~*~*~ (stealth).
  5811 | D:7      | 5811 ||| Stepping ~*~*~tactically~*~*~ (hiding).
  6032 | D:7      | 6032 ||| DRINKING 2 black potions.
  6136 | D:7      | 6136 ||| DRINKING 2 bubbling yellow potions.
  6164 | D:7      | 6164 ||| READING 3 scrolls of identify.
  6164 | D:7      | 6164 ||| IDENTIFYING lumpy green potion
  6165 | D:7      | 6165 ||| READING 2 scrolls of identify.
  6165 | D:7      | 6165 ||| IDENTIFYING smoky blue potion
  6166 | D:7      | 6166 ||| DROPPING potion of berserk rage.
  6167 | D:7      | 6167 ||| DROPPING potion of lignification.
  6304 | D:8      | Reached XP level 10. HP: 93/96 MP: 10/10
  6375 | D:8      | 6375 ||| Stepping ~*~*~tactically~*~*~ (hiding).
  6377 | D:8      | 6377 ||| INVOKING Fiery Armour.
  6379 | D:8      | 6379 ||| Stepping ~*~*~tactically~*~*~ (outnumbered).
  6392 | D:8      | 6392 ||| FLEEEEING.
  6393 | D:8      | 6393 ||| FLEEEEING.
  6394 | D:8      | 6394 ||| FLEEEEING.
  6395 | D:8      | 6395 ||| FLEEEEING.
  6396 | D:8      | 6396 ||| FLEEEEING.
  6397 | D:8      | 6397 ||| FLEEEEING.
  6398 | D:8      | 6398 ||| FLEEEEING.
  6399 | D:8      | 6399 ||| FLEEEEING.
  6400 | D:8      | 6400 ||| Stepping ~*~*~tactically~*~*~ (hiding).
  6403 | D:8      | 6403 ||| FLEEEEING.
  6405 | D:8      | 6405 ||| Stepping ~*~*~tactically~*~*~ (outnumbered).
  6407 | D:8      | 6407 ||| Stepping ~*~*~tactically~*~*~ (outnumbered).
  6411 | D:8      | 6411 ||| Stepping ~*~*~tactically~*~*~ (outnumbered).
  6413 | D:8      | 6413 ||| Stepping ~*~*~tactically~*~*~ (outnumbered).
  6414 | D:8      | 6414 ||| Stepping ~*~*~tactically~*~*~ (outnumbered).
  6415 | D:8      | 6415 ||| Stepping ~*~*~tactically~*~*~ (outnumbered).
  6418 | D:8      | 6418 ||| Stepping ~*~*~tactically~*~*~ (outnumbered).
  6420 | D:8      | 6420 ||| Stepping ~*~*~tactically~*~*~ (outnumbered).
  6422 | D:8      | 6422 ||| Stepping ~*~*~tactically~*~*~ (outnumbered).
  6424 | D:8      | 6424 ||| Stepping ~*~*~tactically~*~*~ (outnumbered).
  6425 | D:8      | 6425 ||| Stepping ~*~*~tactically~*~*~ (outnumbered).
  6503 | D:8      | Found Bympau's Antique Armour Shoppe.
  6754 | D:8      | 6754 ||| UPGRADING to +0 kite shield.
  6759 | D:8      | 6759 ||| DRINKING 2 brown potions.
  6760 | D:8      | 6760 ||| DRINKING 2 smoky red potions.
  6761 | D:8      | 6761 ||| READING 2 scrolls of identify.
  6761 | D:8      | 6761 ||| IDENTIFYING sapphire potion
  6762 | D:8      | 6762 ||| DROPPING potion of magic.
  6805 | D:9      | 6805 ||| Stepping ~*~*~tactically~*~*~ (stealth).
  6807 | D:9      | 6807 ||| Stepping ~*~*~tactically~*~*~ (hiding).
  6810 | D:9      | 6810 ||| Stepping ~*~*~tactically~*~*~ (outnumbered).
  6811 | D:9      | 6811 ||| Stepping ~*~*~tactically~*~*~ (outnumbered).
  6812 | D:9      | 6812 ||| INVOKING Fiery Armour.
  6813 | D:9      | 6813 ||| Stepping ~*~*~tactically~*~*~ (outnumbered).
  6814 | D:9      | 6814 ||| Stepping ~*~*~tactically~*~*~ (hiding).
  6815 | D:9      | 6815 ||| Stepping ~*~*~tactically~*~*~ (outnumbered).
  6816 | D:9      | 6816 ||| Stepping ~*~*~tactically~*~*~ (outnumbered).
  6817 | D:9      | 6817 ||| Stepping ~*~*~tactically~*~*~ (outnumbered).
  6818 | D:9      | 6818 ||| Stepping ~*~*~tactically~*~*~ (outnumbered).
  6819 | D:9      | 6819 ||| Stepping ~*~*~tactically~*~*~ (outnumbered).
  6820 | D:9      | 6820 ||| Stepping ~*~*~tactically~*~*~ (outnumbered).
  6821 | D:9      | 6821 ||| Stepping ~*~*~tactically~*~*~ (outnumbered).
  6822 | D:9      | 6822 ||| Stepping ~*~*~tactically~*~*~ (outnumbered).
  6823 | D:9      | 6823 ||| Stepping ~*~*~tactically~*~*~ (outnumbered).
  6824 | D:9      | Reached skill level 1 in Shields
  6827 | D:9      | 6827 ||| Stepping ~*~*~tactically~*~*~ (outnumbered).
  6828 | D:9      | 6828 ||| Stepping ~*~*~tactically~*~*~ (outnumbered).
  6831 | D:9      | 6831 ||| Stepping ~*~*~tactically~*~*~ (outnumbered).
  6832 | D:9      | 6832 ||| Stepping ~*~*~tactically~*~*~ (outnumbered).
  6833 | D:9      | 6833 ||| Stepping ~*~*~tactically~*~*~ (outnumbered).
  6838 | D:9      | Reached skill level 3 in Shields
  6838 | D:9      | 6838 ||| Stepping ~*~*~tactically~*~*~ (outnumbered).
  6839 | D:9      | 6839 ||| Stepping ~*~*~tactically~*~*~ (outnumbered).
  6840 | D:9      | 6840 ||| Stepping ~*~*~tactically~*~*~ (outnumbered).
  6841 | D:9      | 6841 ||| Stepping ~*~*~tactically~*~*~ (outnumbered).
  6842 | D:9      | 6842 ||| Stepping ~*~*~tactically~*~*~ (outnumbered).
  6844 | D:9      | 6844 ||| Stepping ~*~*~tactically~*~*~ (outnumbered).
  6845 | D:9      | 6845 ||| Stepping ~*~*~tactically~*~*~ (outnumbered).
  6848 | D:9      | 6848 ||| Stepping ~*~*~tactically~*~*~ (outnumbered).
  6935 | D:9      | 6935 ||| Stepping ~*~*~tactically~*~*~ (hiding).
  7053 | D:9      | Found a staircase to the Lair.
  7065 | D:9      | Found a staircase to the Orcish Mines.
  7102 | D:9      | 7102 ||| Stepping ~*~*~tactically~*~*~ (hiding).
  7192 | D:9      | 7192 ||| READING scroll labelled GIECZU DYTAE.
  7193 | D:9      | 7193 ||| READING 3 scrolls of teleportation.
  7201 | D:9      | 7201 ||| Stepping ~*~*~tactically~*~*~ (outnumbered).
  7202 | D:9      | 7202 ||| Stepping ~*~*~tactically~*~*~ (outnumbered).
  7207 | D:9      | 7207 ||| INVOKING Fiery Armour.
  7210 | D:9      | HP: 24/96 [poisoned by an orc wizard]
  7211 | D:9      | 7211 ||| READING 2 scrolls of teleportation.
  7212 | D:9      | 7212 ||| DRINKING potion of heal wounds.
  7315 | D:9      | 7315 ||| Invisible monster not found???
  7329 | D:9      | Reached skill level 6 in Shields
  7377 | D:9      | 7377 ||| Stepping ~*~*~tactically~*~*~ (stealth).
  7379 | D:9      | 7379 ||| INVOKING Fiery Armour.
  7411 | D:9      | Reached XP level 11. HP: 71/104 MP: 11/11
  7737 | D:9      | 7737 ||| Stepping ~*~*~tactically~*~*~ (stealth).
  7739 | D:9      | 7739 ||| Stepping ~*~*~tactically~*~*~ (stealth).
  8079 | D:9      | 8079 ||| PLANNING LAIR
  8079 | D:9      | 8079 ||| READING scroll of teleportation.
  8189 | Lair:1   | Entered Level 1 of the Lair of Beasts
  8231 | Lair:1   | Noticed a catoblepas
  8232 | Lair:1   | 8232 ||| INVOKING Fiery Armour.
  8233 | Lair:1   | 8233 ||| Stepping ~*~*~tactically~*~*~ (cloud).
  8236 | Lair:1   | 8236 ||| Stepping ~*~*~tactically~*~*~ (cloud).
  8237 | Lair:1   | 8237 ||| DRINKING 2 potions of cancellation.
  8242 | Lair:1   | 8242 ||| Stepping ~*~*~tactically~*~*~ (cloud).
  8245 | Lair:1   | Killed a catoblepas
  8246 | Lair:1   | Reached skill level 9 in Shields
  8311 | Lair:1   | 8311 ||| Stepping ~*~*~tactically~*~*~ (outnumbered).
  8328 | Lair:1   | Reached skill level 13 in Unarmed Combat
  8491 | Lair:1   | 8491 ||| Stepping ~*~*~tactically~*~*~ (hiding).
  8497 | Lair:1   | 8497 ||| DRINKING potion of cancellation.
  8622 | Lair:1   | Noticed a boulder beetle
  8623 | Lair:1   | 8623 ||| INVOKING Fiery Armour.
  8640 | Lair:1   | Killed a boulder beetle
  8968 | Lair:2   | 8968 ||| Stepping ~*~*~tactically~*~*~ (outnumbered).
  9050 | Lair:2   | 9050 ||| Stepping ~*~*~tactically~*~*~ (outnumbered).
  9051 | Lair:2   | 9051 ||| Stepping ~*~*~tactically~*~*~ (outnumbered).
  9061 | Lair:2   | 9061 ||| Stepping ~*~*~tactically~*~*~ (outnumbered).
  9066 | Lair:2   | 9066 ||| Stepping ~*~*~tactically~*~*~ (outnumbered).
  9067 | Lair:2   | 9067 ||| Stepping ~*~*~tactically~*~*~ (outnumbered).
  9068 | Lair:2   | 9068 ||| Stepping ~*~*~tactically~*~*~ (outnumbered).
  9080 | Lair:2   | 9080 ||| INVOKING Fiery Armour.
  9168 | Lair:2   | Found a staircase to the Swamp.
  9259 | Lair:2   | 9259 ||| Stepping ~*~*~tactically~*~*~ (hiding).
  9270 | Lair:2   | 9270 ||| INVOKING Fiery Armour.
  9272 | Lair:2   | HP: 22/104 [komodo dragon (13)]
  9273 | Lair:2   | Reached skill level 14 in Unarmed Combat
  9529 | Lair:2   | 9529 ||| READING scroll of enchant armour.
  9529 | Lair:2   | 9529 ||| ENCHANTING +0 steam dragon scales.
  9878 | Lair:2   | 9878 ||| DROPPING +6 ring of intelligence.
  9879 | Lair:2   | 9879 ||| UPGRADING to +6 ring of strength.
  9880 | Lair:2   | 9880 ||| DRINKING 2 ruby potions.
  9984 | Lair:3   | 9984 ||| INVOKING Fiery Armour.
  9993 | Lair:3   | Reached skill level 6 in Fighting
  9993 | Lair:3   | Reached XP level 12. HP: 112/114 MP: 12/12
 10019 | Lair:3   | Noticed Amaemon
 10030 | Lair:3   | Killed Amaemon
 10032 | Lair:3   | HP: 26/114 [poisoned by Amaemon]
 10033 | Lair:3   | 10033 ||| READING 3 scrolls of teleportation.
 10037 | Lair:3   | 10037 ||| READING 2 scrolls of teleportation.
 10037 | Lair:3   | HP: 21/114 [poisoned by Amaemon]
 10124 | Lair:3   | 10124 ||| PLANNING TEMPLE
 10151 | Lair:3   | 10151 ||| Stepping ~*~*~tactically~*~*~ (outnumbered).
 10152 | Lair:3   | 10152 ||| Stepping ~*~*~tactically~*~*~ (outnumbered).
 10153 | Lair:3   | 10153 ||| Stepping ~*~*~tactically~*~*~ (outnumbered).
 10154 | Lair:3   | 10154 ||| Stepping ~*~*~tactically~*~*~ (outnumbered).
 10155 | Lair:3   | 10155 ||| Stepping ~*~*~tactically~*~*~ (outnumbered).
 10156 | Lair:3   | 10156 ||| Stepping ~*~*~tactically~*~*~ (outnumbered).
 10157 | Lair:3   | 10157 ||| Stepping ~*~*~tactically~*~*~ (outnumbered).
 10158 | Lair:3   | 10158 ||| Stepping ~*~*~tactically~*~*~ (outnumbered).
 10160 | Lair:3   | 10160 ||| Stepping ~*~*~tactically~*~*~ (outnumbered).
 10230 | Lair:3   | Reached skill level 15 in Unarmed Combat
 10249 | Lair:3   | 10249 ||| Stepping ~*~*~tactically~*~*~ (stealth).
 10252 | Lair:3   | 10252 ||| Stepping ~*~*~tactically~*~*~ (stealth).
 10253 | Lair:3   | 10253 ||| Stepping ~*~*~tactically~*~*~ (stealth).
 10255 | Lair:3   | 10255 ||| Stepping ~*~*~tactically~*~*~ (stealth).
 10262 | Lair:3   | 10262 ||| Stepping ~*~*~tactically~*~*~ (stealth).
 10268 | Lair:3   | 10268 ||| Stepping ~*~*~tactically~*~*~ (stealth).
 10336 | Lair:3   | 10336 ||| Stepping ~*~*~tactically~*~*~ (outnumbered).
 10342 | Lair:3   | 10342 ||| Stepping ~*~*~tactically~*~*~ (outnumbered).
 10343 | Lair:3   | 10343 ||| Stepping ~*~*~tactically~*~*~ (outnumbered).
 10344 | Lair:3   | 10344 ||| Stepping ~*~*~tactically~*~*~ (outnumbered).
 10345 | Lair:3   | 10345 ||| Stepping ~*~*~tactically~*~*~ (outnumbered).
 10417 | Lair:3   | Found a runed translucent door.
 10418 | Lair:3   | Found a shimmering altar of Xom.
 10418 | Lair:3   | Noticed qw's ghost (journeyman TrCA)
 10584 | Temple   | Entered the Ecumenical Temple
 10607 | Temple   | 10607 ||| PLANNING CONVERSION TO OKAWARU
 10614 | Temple   | Fell from the grace of Ignis
 10614 | Temple   | Became a worshipper of Warmaster Okawaru
 10615 | Temple   | 10615 ||| PLANNING LAIR
 10947 | Lair:3   | 10947 ||| Stepping ~*~*~tactically~*~*~ (outnumbered).
 10948 | Lair:3   | 10948 ||| Stepping ~*~*~tactically~*~*~ (outnumbered).
 10949 | Lair:3   | 10949 ||| Stepping ~*~*~tactically~*~*~ (outnumbered).
 10950 | Lair:3   | 10950 ||| Stepping ~*~*~tactically~*~*~ (outnumbered).
 10951 | Lair:3   | 10951 ||| Stepping ~*~*~tactically~*~*~ (outnumbered).
 10952 | Lair:3   | 10952 ||| Stepping ~*~*~tactically~*~*~ (outnumbered).
 10953 | Lair:3   | 10953 ||| Stepping ~*~*~tactically~*~*~ (outnumbered).
 10954 | Lair:3   | 10954 ||| Stepping ~*~*~tactically~*~*~ (outnumbered).
 10955 | Lair:3   | 10955 ||| Stepping ~*~*~tactically~*~*~ (outnumbered).
 10956 | Lair:3   | 10956 ||| Stepping ~*~*~tactically~*~*~ (outnumbered).
 10957 | Lair:3   | 10957 ||| Stepping ~*~*~tactically~*~*~ (outnumbered).
 10958 | Lair:3   | 10958 ||| Stepping ~*~*~tactically~*~*~ (hiding).
 10961 | Lair:3   | 10961 ||| FLEEEEING.
 10962 | Lair:3   | 10962 ||| Stepping ~*~*~tactically~*~*~ (hiding).
 10963 | Lair:3   | 10963 ||| Stepping ~*~*~tactically~*~*~ (outnumbered).
 10966 | Lair:3   | 10966 ||| Stepping ~*~*~tactically~*~*~ (outnumbered).
 10967 | Lair:3   | 10967 ||| Stepping ~*~*~tactically~*~*~ (outnumbered).
 10968 | Lair:3   | 10968 ||| Stepping ~*~*~tactically~*~*~ (outnumbered).
 10969 | Lair:3   | 10969 ||| Stepping ~*~*~tactically~*~*~ (outnumbered).
 10970 | Lair:3   | 10970 ||| Stepping ~*~*~tactically~*~*~ (outnumbered).
 10971 | Lair:3   | 10971 ||| Stepping ~*~*~tactically~*~*~ (outnumbered).
 10972 | Lair:3   | 10972 ||| Stepping ~*~*~tactically~*~*~ (outnumbered).
 10973 | Lair:3   | 10973 ||| Stepping ~*~*~tactically~*~*~ (outnumbered).
 10974 | Lair:3   | 10974 ||| Stepping ~*~*~tactically~*~*~ (outnumbered).
 11003 | Lair:3   | 11003 ||| Stepping ~*~*~tactically~*~*~ (stealth).
 11006 | Lair:3   | 11006 ||| Stepping ~*~*~tactically~*~*~ (hiding).
 11007 | Lair:3   | 11007 ||| Stepping ~*~*~tactically~*~*~ (hiding).
 11010 | Lair:3   | 11010 ||| Stepping ~*~*~tactically~*~*~ (hiding).
 11037 | Lair:3   | Found a staircase to the Snake Pit.
 11060 | Lair:3   | 11060 ||| Stepping ~*~*~tactically~*~*~ (outnumbered).
 11061 | Lair:3   | 11061 ||| Stepping ~*~*~tactically~*~*~ (hiding).
 11063 | Lair:3   | 11063 ||| Stepping ~*~*~tactically~*~*~ (outnumbered).
 11064 | Lair:3   | 11064 ||| Stepping ~*~*~tactically~*~*~ (outnumbered).
 11065 | Lair:3   | 11065 ||| Stepping ~*~*~tactically~*~*~ (hiding).
 11066 | Lair:3   | 11066 ||| Stepping ~*~*~tactically~*~*~ (outnumbered).
 11067 | Lair:3   | 11067 ||| Stepping ~*~*~tactically~*~*~ (outnumbered).
 11068 | Lair:3   | 11068 ||| Stepping ~*~*~tactically~*~*~ (outnumbered).
 11069 | Lair:3   | 11069 ||| Stepping ~*~*~tactically~*~*~ (outnumbered).
 11070 | Lair:3   | 11070 ||| Stepping ~*~*~tactically~*~*~ (outnumbered).
 11071 | Lair:3   | 11071 ||| Stepping ~*~*~tactically~*~*~ (outnumbered).
 11072 | Lair:3   | 11072 ||| Stepping ~*~*~tactically~*~*~ (outnumbered).
 11073 | Lair:3   | 11073 ||| Stepping ~*~*~tactically~*~*~ (outnumbered).
 11074 | Lair:3   | 11074 ||| Stepping ~*~*~tactically~*~*~ (outnumbered).
 11075 | Lair:3   | 11075 ||| Stepping ~*~*~tactically~*~*~ (outnumbered).
 11076 | Lair:3   | 11076 ||| Stepping ~*~*~tactically~*~*~ (outnumbered).
 11077 | Lair:3   | 11077 ||| Stepping ~*~*~tactically~*~*~ (outnumbered).
 11078 | Lair:3   | 11078 ||| Stepping ~*~*~tactically~*~*~ (outnumbered).
 11086 | Lair:3   | 11086 ||| Stepping ~*~*~tactically~*~*~ (outnumbered).
 11113 | Lair:3   | Reached * piety under Okawaru
 11379 | Lair:3   | 11379 ||| UPGRADING to ring of protection from cold.
 11380 | Lair:3   | 11380 ||| READING 4 scrolls of identify.
 11380 | Lair:3   | 11380 ||| IDENTIFYING emerald potion
 11381 | Lair:3   | 11381 ||| DROPPING potion of invisibility.
 11419 | Lair:4   | Noticed a five-headed hydra
 11419 | Lair:4   | Noticed a six-headed hydra
 11420 | Lair:4   | 11420 ||| Stepping ~*~*~tactically~*~*~ (stealth).
 11421 | Lair:4   | 11421 ||| INVOKING Heroism.
 11426 | Lair:4   | Killed an eight-headed hydra
 11433 | Lair:4   | Killed a ten-headed hydra
 11434 | Lair:4   | Reached skill level 1 in Invocations
 11469 | Lair:4   | Noticed a death yak
 11469 | Lair:4   | Noticed a death yak
 11470 | Lair:4   | 11470 ||| Stepping ~*~*~tactically~*~*~ (stealth).
 11479 | Lair:4   | Noticed a death yak
 11480 | Lair:4   | 11480 ||| INVOKING Heroism.
 11481 | Lair:4   | Noticed a death yak
 11487 | Lair:4   | 11487 ||| Stepping ~*~*~tactically~*~*~ (outnumbered).
 11491 | Lair:4   | 11491 ||| Stepping ~*~*~tactically~*~*~ (outnumbered).
 11492 | Lair:4   | 11492 ||| Stepping ~*~*~tactically~*~*~ (outnumbered).
 11495 | Lair:4   | Killed a death yak
 11497 | Lair:4   | 11497 ||| INVOKING Heroism.
 11499 | Lair:4   | Killed a death yak
 11499 | Lair:4   | Reached ** piety under Okawaru
 11501 | Lair:4   | Killed a death yak
 11508 | Lair:4   | Killed a death yak
 11509 | Lair:4   | Reached XP level 13. HP: 120/120 MP: 11/14
 11655 | Lair:4   | 11655 ||| Stepping ~*~*~tactically~*~*~ (stealth).
 11656 | Lair:4   | 11656 ||| Stepping ~*~*~tactically~*~*~ (stealth).
 11658 | Lair:4   | 11658 ||| INVOKING Heroism.
 11662 | Lair:4   | Reached skill level 3 in Invocations
 11672 | Lair:4   | Reached skill level 16 in Unarmed Combat
 11714 | Lair:4   | 11714 ||| Stepping ~*~*~tactically~*~*~ (outnumbered).
 11715 | Lair:4   | 11715 ||| Stepping ~*~*~tactically~*~*~ (outnumbered).
 11716 | Lair:4   | 11716 ||| INVOKING Heroism.
 11717 | Lair:4   | 11717 ||| Stepping ~*~*~tactically~*~*~ (outnumbered).
 11719 | Lair:4   | 11719 ||| Stepping ~*~*~tactically~*~*~ (outnumbered).
 11720 | Lair:4   | 11720 ||| Stepping ~*~*~tactically~*~*~ (outnumbered).
 11721 | Lair:4   | 11721 ||| Stepping ~*~*~tactically~*~*~ (outnumbered).
 11760 | Lair:4   | 11760 ||| Stepping ~*~*~tactically~*~*~ (stealth).
 11821 | Lair:4   | Identified the +1 leather armour of the Baker {Slay+2}
 11979 | Lair:4   | 11979 ||| INVOKING Heroism.
 11985 | Lair:4   | 11985 ||| Stepping ~*~*~tactically~*~*~ (stealth).
 12062 | Lair:4   | Reached *** piety under Okawaru
 12063 | Lair:4   | 12063 ||| INVOKING Heroism.
 12119 | Lair:4   | 12119 ||| INVOKING Heroism.
 12120 | Lair:4   | 12120 ||| Stepping ~*~*~tactically~*~*~ (stealth).
 12344 | Lair:4   | Found a viscous altar of Jiyva.
 12344 | Lair:4   | Found a staircase to the Slime Pits.
 12435 | Lair:4   | 12435 ||| READING scroll labelled UGAOVV WYCRE.
 12464 | Lair:5   | Entered Level 5 of the Lair of Beasts
 12470 | Lair:5   | 12470 ||| INVOKING Heroism.
 12493 | Lair:5   | 12493 ||| Stepping ~*~*~tactically~*~*~ (stealth).
 12495 | Lair:5   | 12495 ||| Stepping ~*~*~tactically~*~*~ (stealth).
 12563 | Lair:5   | 12563 ||| INVOKING Heroism.
 12568 | Lair:5   | 12568 ||| Stepping ~*~*~tactically~*~*~ (outnumbered).
 12571 | Lair:5   | 12571 ||| Stepping ~*~*~tactically~*~*~ (outnumbered).
 12572 | Lair:5   | 12572 ||| Stepping ~*~*~tactically~*~*~ (outnumbered).
 12574 | Lair:5   | Received a gift from Okawaru
 12596 | Lair:5   | 12596 ||| INVOKING Heroism.
 12692 | Lair:5   | 12692 ||| INVOKING Heroism.
 12718 | Lair:5   | 12718 ||| Stepping ~*~*~tactically~*~*~ (stealth).
 12725 | Lair:5   | Received a gift from Okawaru
 12728 | Lair:5   | 12728 ||| Stepping ~*~*~tactically~*~*~ (stealth).
 12784 | Lair:5   | 12784 ||| INVOKING Heroism.
 12785 | Lair:5   | Paralysed by a hornet for 2 turns
 12789 | Lair:5   | 12789 ||| Stepping ~*~*~tactically~*~*~ (outnumbered).
 12790 | Lair:5   | 12790 ||| Stepping ~*~*~tactically~*~*~ (outnumbered).
 12792 | Lair:5   | 12792 ||| Stepping ~*~*~tactically~*~*~ (outnumbered).
 12793 | Lair:5   | 12793 ||| Stepping ~*~*~tactically~*~*~ (outnumbered).
 12794 | Lair:5   | 12794 ||| Stepping ~*~*~tactically~*~*~ (outnumbered).
 12798 | Lair:5   | HP: 27/124 [nine-headed hydra (6)]
 12799 | Lair:5   | 12799 ||| READING 4 scrolls of teleportation.
 12799 | Lair:5   | HP: 8/124 [nine-headed hydra (9)]
 12800 | Lair:5   | 12800 ||| DRINKING potion of heal wounds.
 12808 | Lair:5   | 12808 ||| READING 3 scrolls of teleportation.
 12811 | Lair:5   | 12811 ||| INVOKING Heroism.
 12814 | Lair:5   | Reached skill level 17 in Unarmed Combat
 12845 | Lair:5   | 12845 ||| FLEEEEING.
 12847 | Lair:5   | 12847 ||| STAIRDANCE
 12869 | Lair:5   | 12869 ||| STAIRDANCE
 13055 | Lair:5   | Reached **** piety under Okawaru
 13065 | Lair:5   | 13065 ||| Stepping ~*~*~tactically~*~*~ (stealth).
 13095 | Lair:5   | 13095 ||| Stepping ~*~*~tactically~*~*~ (hiding).
 13096 | Lair:5   | 13096 ||| Stepping ~*~*~tactically~*~*~ (hiding).
 13140 | Lair:5   | 13140 ||| DRINKING 4 potions of curing.
 13140 | Lair:5   | 13140 ||| (to cure confusion)
 13141 | Lair:5   | 13141 ||| Stepping ~*~*~tactically~*~*~ (outnumbered).
 13142 | Lair:5   | 13142 ||| INVOKING Heroism.
 13186 | Lair:5   | 13186 ||| INVOKING Heroism.
 13192 | Lair:5   | Noticed Rupert
 13201 | Lair:5   | 13201 ||| Stepping ~*~*~tactically~*~*~ (outnumbered).
 13202 | Lair:5   | 13202 ||| Stepping ~*~*~tactically~*~*~ (outnumbered).
 13223 | Lair:5   | HP: 27/124 [Rupert/+3 great mace of protection (38)]
 13224 | Lair:5   | 13224 ||| READING 2 scrolls of teleportation.
 13224 | Lair:5   | HP: 12/124 [Rupert/+3 great mace of protection (17)]
 13224 | Lair:5   | Annihilated by Rupert

Levels and vault maps discovered:
D:1:      dpeg_arrival_houses_and_road, layout_rooms,
          minmay_misc_feat_more_columns, minmay_misc_feat_ornament,
          chequers_serial_rivers_micro_b, minmay_ruptured
D:2:      layout_loops_cross, chequers_ecumenical_altar_simple, uniq_natasha,
          uniq_jessica
D:3:      layout_basic, minmay_cut_off
D:4:      minmay_evil_eye, layout_rooms, uniq_menkaure
D:5:      layout_loops_ring, nicolae_overflow_hidden_temple,
          minmay_temple_entry_from_below_b
D:6:      cheibrodos_steamvent, layout_cave_pods, uniq_grinder
D:7:      layout_loops_cross
D:8:      layout_cave_pools, serial_shops, shop, kennysheep_generic_room_8
D:9:      kb_forest_paths, layout_stronghold, lemuel_flamethrower_hall
Temple:   nicolae_temple_bog_church
Lair:1:   layout_regular_city
Lair:2:   layout_cave_pods, swamp_mist, st_stairs_12, grunt_megastairs_5
Lair:3:   hellmonk_destroyed_diamonds, layout_gridlike,
          minmay_snake_entry_guardpost_small, ebering_ghost_xom, uniq_amaemon
Lair:4:   layout_regular_city, dpeg_slime_entry_enclosed
Lair:5:   hangedman_lair_tendril_chambers, layout_cave_shapes, wormcave,
          serial_bayou_shore_b, uniq_rupert

Skill      XL: |  1  2  3  4  5  6  7  8  9 10 11 12 13 |
---------------+----------------------------------------+-----
Unarmed Combat | 4 5 7 8 9 11 12 14 15 17 | 17.1
Fighting       | 3 4 5 6 7 |  7.0
Dodging        | 1 2 |  2.0
Throwing       | 4 5 |  5.2
Armour         | 1 2 |  2.1
Shields        | 7 10 11 | 11.5
Invocations    | 2 4 |  4.3
Spellcasting   | |  1.0
Fire Magic     | |  2.1

Action                   |  1- 3 |  4- 6 |  7- 9 | 10-12 | 13-15 || total
-------------------------+-------+-------+-------+-------+-------++-------
Melee: Unarmed           |    63 |   111 |   246 |   481 |   218 ||  1119
       Punch             |     1 |     1 |     6 |       |       ||     8
Throw: Boomerang         |     9 |    23 |       |    21 |    43 ||    96
       Javelin           |       |       |    22 |    49 |    33 ||   104
Invok: Fiery Armour      |     1 |     1 |     1 |     9 |       ||    12
       Heroism           |       |       |       |     3 |    13 ||    16
  Use: Scroll            |     3 |     4 |    11 |     9 |     4 ||    31
       Potion            |       |     1 |     3 |     6 |     2 ||    12
 Stab: Petrified         |       |       |       |     3 |       ||     3
       Sleeping          |       |       |       |       |     1 ||     1
Armor: Robe              |    12 |    23 |    32 |       |       ||    67
       Steam dragon scal |       |       |    10 |   216 |    46 ||   272
Dodge: Dodged            |    19 |    42 |    69 |   120 |    46 ||   296
Block: Other             |       |       |    24 |    11 |       ||    35
       Reflection        |       |       |     1 |     6 |     1 ||     8
       Kite shield       |       |       |       |   246 |   151 ||   397

Table legend:
 A = Non-vault XP
 B = Vault XP
 C = Vault XP percentage of total XP
 D = Non-vault monster count
 E = Vault monster count
 F = Vault count percentage of total count
                 A         B        C        D         E       F
            +---------+---------+-------+---------+---------+-------
      Total |   42825 |   13999 |  24.6 |     304 |      69 |  18.5
            +---------+---------+-------+---------+---------+-------
        D:1 |      22 |       7 |  24.1 |      15 |       4 |  21.1
        D:2 |     108 |      73 |  40.3 |      16 |       2 |  11.1
        D:3 |     156 |       2 |   1.3 |      28 |       2 |   6.7
        D:4 |     402 |     298 |  42.6 |      22 |       4 |  15.4
        D:5 |     672 |       0 |   0.0 |      18 |       0 |   0.0
        D:6 |    1144 |     661 |  36.6 |      20 |       3 |  13.0
        D:7 |    1835 |       0 |   0.0 |      15 |       0 |   0.0
        D:8 |     822 |      42 |   4.9 |      25 |       1 |   3.8
        D:9 |    4087 |    2845 |  41.0 |      31 |      16 |  34.0
     Lair:1 |    3207 |       0 |   0.0 |       9 |       0 |   0.0
     Lair:2 |    2927 |    1141 |  28.0 |      13 |       3 |  18.8
     Lair:3 |   10990 |    1648 |  13.0 |      44 |       5 |  10.2
     Lair:4 |   11446 |       0 |   0.0 |      35 |       0 |   0.0
     Lair:5 |    5007 |    7282 |  59.3 |      13 |      29 |  69.0
            +---------+---------+-------+---------+---------+-------
